 Dungeon Crawl Stone Soup version 0.31-a0-237-g2d982f9f85 (webtiles) character file.

Game seed: 7711570172234397272

97 qw the Shooter (level 4, -3/26 HPs)
             Began as a Gargoyle Hexslinger on July 10, 2023.
             Killed from afar by Ijyb (5 damage)
             ... with a puff of flame
             ... on level 3 of the Dungeon.
             The game lasted 00:00:49 (1755 turns).

qw the Shooter (Gargoyle Hexslinger)                Turns: 1755, Time: 00:00:50

Health: -3/26      AC:  9    Str: 12    XL:     4   Next: 68%
Magic:  5/5        EV: 10    Int: 13    God:
Gold:   1216       SH:  0    Dex: 14    Spells: 4/5 levels left

rFire   . . .        Y - +1 sling
rCold   . . .        (no shield)
rNeg    + . .        k - +0 ring mail
rPois   inf          (no helmet)
rElec   +            (no cloak)
rCorr   +            e - +0 pair of gloves
SInv    .            (no boots)
Will    .....        (no amulet)
Stlth   +            j - ring of resist corrosion
HPRegen 0.24/turn    (no ring)
MPRegen 0.09/turn

%: no passive effects
@: about to teleport
A: sickness immunity, AC +3, negative energy resistance 1, electricity
resistance, torment resistance 1, petrification resistance
a: no special abilities


You were on level 3 of the Dungeon.
You visited 1 branch of the dungeon, and saw 3 of its levels.

You collected 1216 gold pieces.


Innate Abilities, Weirdness & Mutations

You are immune to sickness and miasma.
Your stone body is resilient. (AC +3)
You are immune to poison.
You resist negative energy. (rN+)
You are resistant to electric shocks. (rElec)
You are resistant to unholy torment.
You are immune to petrification.


   Skills:
 - Level 2.0 Fighting
 + Level 4.2 Ranged Weapons
 - Level 1.0 Armour
 - Level 1.5 Dodging
 - Level 1.0 Spellcasting
 - Level 2.6 Hexes


You had 4 spell levels left.
You knew the following spells:

 Your Spells              Type           Power      Damage    Failure   Level
a - Slow                  Hex            28%        N/A       22%         1

Your spell library contained the following spells:

 Spells                   Type           Power      Damage    Failure   Level
 Inner Flame              Hex/Fire       4%         N/A       73%         3
 Portal Projectile        Hex/Tloc       8%         N/A       73%         3
 Cause Fear               Hex            3%         N/A       91%         4

Inventory:

Hand Weapons
 Y - a +1 sling (weapon)
Armour
 e - a +0 pair of gloves (worn)
 k - a +0 ring mail (worn)
Jewellery
 j - a ring of resist corrosion (left hand)
Scrolls
 c - a scroll of revelation {unknown}
 d - a scroll of teleportation
 g - a scroll of identify
Potions
 a - a potion of might
 b - a potion of haste
 f - a potion of curing
 h - a potion of magic {unknown}
 l - a potion of heal wounds {unknown}

Dungeon Overview and Level Annotations

Branches:
Dungeon (3/15)

Altars:

Annotations:
D:3 Ijyb


Message History

Enter note: You shoot a sling bullet.
The sling bullet closely misses Ijyb.
You shoot a sling bullet. The sling bullet hits Ijyb.
Ijyb is moderately wounded.
Ijyb closely misses you.
You shoot a sling bullet.
The sling bullet completely misses Ijyb.
Ijyb hits you with a +6 club.
You shoot a sling bullet.
The sling bullet hits Ijyb but does no damage.
Ijyb is moderately wounded.
Ijyb reads a scroll.
Wisps of shadow swirl around Ijyb.
You shoot a sling bullet. The sling bullet hits Ijyb.
Ijyb is heavily wounded.
Ijyb hits you with a +6 club!
The kobold hits you with a +0 short sword.
Ijyb zaps a wand.
The puff of flame hits you.
You shoot a sling bullet. The sling bullet hits Ijyb.
Ijyb is heavily wounded.
The kobold hits you with a +0 short sword.
Ijyb hits you with a +6 club.
You shoot a sling bullet. The sling bullet barely misses Ijyb.
The kobold hits you but does no damage. Ijyb closely misses you.
You shoot a sling bullet. The sling bullet closely misses Ijyb.
The kobold hits you but does no damage.
Ijyb zaps a wand.
The puff of flame misses you.
The puff of flame hits the kobold!
The kobold dies!
The kobold's corpse dissolves into shadows!
Ijyb hits you with a +6 club.
You shoot a sling bullet. The sling bullet hits Ijyb.
Ijyb is heavily wounded.
Ijyb hits you with a +6 club.
1754 ||| READING 2 scrolls of teleportation.
As you read the scroll of teleportation, it crumbles to dust.
You feel strangely unstable.
Ijyb zaps a wand.
The puff of flame hits you.
You shoot a sling bullet. The sling bullet hits Ijyb.
Ijyb is severely wounded.
Ijyb zaps a wand.
The puff of flame hits you.
You die...

#.#### .. ..
#.# .. #. #..
.#. . .. #.#
..# .. .. #.#
.# #.# .. #.#
.# #.###lg# ###
#########..@g#
#..
.........#####
..# ########.#
..# ##### #.#
..# ##...## #.#
..###.....###.#
..##.......##.#
..............#
#.##.......#..#


You could see Ijyb, a hobgoblin (summoned) and a frilled lizard (summoned).

Vanquished Creatures
  3 adders
  A worm (D:2)
  A dart slug (D:2)
  3 ball pythons
  A bat (D:1)
  3 endoplasms
  4 giant cockroaches
  3 goblins
  4 hobgoblins
  11 jackals
  4 quokkas
  5 frilled lizards
  11 kobolds
  3 rats
57 creatures vanquished.

Notes
Turn   | Place    | Note
-------+----------+-------------------------------------------
     0 | D:1      | qw the Gargoyle Hexslinger began the quest for the Orb.
     0 | D:1      | Reached XP level 1. HP: 12/12 MP: 2/2
     0 | D:1      | 0 ||| qw: Version: 0.3-a-52-g30416fa
     0 | D:1      | 0 ||| qw: Game counter: 5302
     0 | D:1      | 0 ||| qw: Melee chars always use a shield: true
     0 | D:1      | 0 ||| qw: God list: Okawaru
     0 | D:1      | 0 ||| qw: Allow faded altars: false
     0 | D:1      | 0 ||| qw: Do Orc after clearing Dungeon:15 true
     0 | D:1      | 0 ||| qw: Do second Lair branch before Depths: true
     0 | D:1      | 0 ||| qw: Lair rune preference: random
     0 | D:1      | 0 ||| qw: Goals: Normal
     0 | D:1      | 0 ||| PLANNING D:1-11
    67 | D:1      | Reached XP level 2. HP: 16/16 MP: 3/3
   192 | D:1      | Reached skill level 3 in Ranged Weapons
   496 | D:1      | Reached XP level 3. HP: 21/21 MP: 4/4
   617 | D:1      | 617 ||| READING scroll labelled OTTUTH UTEEX.
   621 | D:1      | 621 ||| READING scroll labelled GEPERE WIG SOM.
   622 | D:1      | 622 ||| READING scroll labelled ZECEQE KEV MIUX.
   623 | D:1      | 623 ||| READING scroll labelled GASMUNG ARUDIKK.
   623 | D:1      | Identified a scroll of acquirement
   623 | D:1      | 623 ||| ACQUIRING 1010 gold pieces
   623 | D:1      | Acquired 1010 gold pieces
   625 | D:1      | 625 ||| DRINKING 2 amethyst potions.
   626 | D:1      | 626 ||| DROPPING scroll of poison.
  1337 | D:2      | Reached XP level 4. HP: 26/26 MP: 5/5
  1369 | D:2      | Reached skill level 4 in Ranged Weapons
  1435 | D:2      | 1435 ||| UPGRADING to +0 pair of gloves.
  1440 | D:2      | 1440 ||| UPGRADING to +0 leather armour.
  1450 | D:2      | 1450 ||| DROPPING +0 robe.
  1451 | D:2      | 1451 ||| UPGRADING to +0 ring mail.
  1461 | D:2      | 1461 ||| DROPPING +0 leather armour.
  1462 | D:2      | 1462 ||| UPGRADING to ring of resist corrosion.
  1463 | D:2      | 1463 ||| READING scroll labelled VUGOTZ MAPTIO.
  1464 | D:2      | 1464 ||| READING scroll labelled TEDESAAFYPN.
  1465 | D:2      | 1465 ||| READING scroll labelled ESUIMUXALA.
  1466 | D:2      | 1466 ||| READING 3 scrolls of identify.
  1466 | D:2      | 1466 ||| IDENTIFYING sedimented puce potion
  1467 | D:2      | 1467 ||| READING 2 scrolls of identify.
  1467 | D:2      | 1467 ||| IDENTIFYING fizzy green potion
  1573 | D:3      | Reached skill level 1 in Armour
  1581 | D:3      | Noticed Ijyb
  1592 | D:3      | HP: 6/26 [Ijyb/+6 club (3)]
  1593 | D:3      | 1593 ||| READING 2 scrolls of teleportation.
  1753 | D:3      | HP: 3/26 [Ijyb/+6 club (4)]
  1754 | D:3      | 1754 ||| READING 2 scrolls of teleportation.
  1754 | D:3      | HP: 1/26 [Ijyb/puff of flame (2)]
  1755 | D:3      | Killed from afar by Ijyb

Levels and vault maps discovered:
D:1:      dpeg_arrival_pits, layout_rooms, glass_columns_b, nrook_campfire,
          solitary_fountain, nrook_uturn
D:2:      minmay_chambers_of_twos, layout_loops_cross, minmay_joined_circles
D:3:      layout_loops_ring, nicolae_concentric_dashed_squares_mild, uniq_ijyb

Skill      XL: |  1  2  3  4 |
---------------+-------------+-----
Ranged Weapons | 3 4 |  4.2
Fighting       | 2 |  2.0
Armour         | 1 |  1.0
Dodging        | |  1.5
Spellcasting   | |  1.0
Hexes          | |  2.6

Action                     |  1- 3 |  4- 6 || total
---------------------------+-------+-------++-------
   Fire: Sling             |   136 |    75 ||   211
    Use: Scroll            |     4 |     7 ||    11
         Potion            |     1 |       ||     1
 Armour: Robe              |    21 |       ||    21
         Ring mail         |       |    32 ||    32
  Dodge: Dodged            |    45 |    36 ||    81

Table legend:
 A = Non-vault XP
 B = Vault XP
 C = Vault XP percentage of total XP
 D = Non-vault monster count
 E = Vault monster count
 F = Vault count percentage of total count
                 A         B        C        D         E       F
            +---------+---------+-------+---------+---------+-------
      Total |      96 |      43 |  30.9 |      42 |      15 |  26.3
            +---------+---------+-------+---------+---------+-------
        D:1 |      43 |       0 |   0.0 |      25 |       0 |   0.0
        D:2 |      23 |      43 |  65.2 |       7 |      15 |  68.2
        D:3 |      30 |       0 |   0.0 |      10 |       0 |   0.0
            +---------+---------+-------+---------+---------+-------
